 Dungeon Crawl Stone Soup version 0.19.1 (webtiles) character file.

58 Idleism the Stinger (level 4, 0/27 HPs)
             Began as an Octopode Venom Mage on Dec 4, 2016.
             Succumbed to an adder's poison
             ... on level 3 of the Dungeon.
             The game lasted 00:05:15 (1338 turns).

Idleism the Stinger (Octopode Venom Mage)           Turns: 1338, Time: 00:05:16

Health: 0/27       AC:  1    Str:  7    XL:     4   Next: 1%
Magic:  3/8        EV: 19    Int: 18    God:
Gold:   59         SH:  0    Dex: 17    Spells: 2 memorised, 5 levels left

rFire  . . .     SeeInvis .     k - +0 dagger
rCold  . . .     Gourm    .     (no shield)
rNeg   . . .     Faith    .     (helmet restricted)
rPois  .         Spirit   .     (no amulet)
rElec  .         Reflect  .     l - ring of stealth
rCorr  .         Harm     .     (no ring)
MR     .....                    (no ring)
Stlth  +++++.....               (no ring)
                                (no ring)
                                (no ring)
                                (no ring)
                                (no ring)

@: agile, lethally poisoned (0 -> -3)
A: almost no armour, stealthy swim, amphibious, 8 rings, constrict 8, camouflage
1, gelatinous body 1
a: no special abilities


You were on level 3 of the Dungeon.
You were not hungry.

You visited 1 branch of the dungeon, and saw 3 of its levels.

You collected 59 gold pieces.

Inventory:

Hand Weapons
 k - a +0 dagger (weapon)
Missiles
 f - 7 tomahawks (quivered)
Jewellery
 l - a ring of stealth (left tentacle)
Scrolls
 c - a scroll of identify {unknown}
 d - a scroll of noise {unknown}
 g - 2 scrolls of recharging {unknown}
 i - a scroll of fear {unknown}
Potions
 e - a potion of agility
Books
 a - a Young Poisoner's Handbook

   Spells                             Type                      Level
   a - Sting                          Conjuration/Poison           1
   b - Mephitic Cloud                 Conjuration/Poison/Air       3
   c - Olgreb's Toxic Radiance        Poison                       4
   d - Alistair's Intoxication        Transmutation/Poison         5
   e - Venom Bolt                     Conjuration/Poison           5
Comestibles
 b - 3 bread rations
 h - a meat ration
 j - 2 chunks of flesh
 m - a slice of pizza


   Skills:
 - Level 2.0 Dodging
 - Level 2.6 Stealth
 + Level 3.0 Spellcasting
 - Level 2.0 Conjurations
 - Level 5.0 Poison Magic


You had 5 spell levels left.
You knew the following spells:

 Your Spells              Type           Power        Failure   Level  Hunger
a - Sting                 Conj/Pois      ###.         4%          1    None
b - Mephitic Cloud        Conj/Pois/Air  ##......     21%         3    ###....


Dungeon Overview and Level Annotations

Branches:
Dungeon (3/15)

Altars:


Innate Abilities, Weirdness & Mutations

You cannot wear most types of armour.
You are very stealthy in the water. (Stealth+)
You are amphibious.
You can wear up to eight rings at the same time.
You can use your tentacles to constrict eight enemies at once.
Your skin changes colour to match your surroundings (Stealth+).
Your rubbery body absorbs attacks. (AC +1, EV +1)


Message History

The sting hits the adder.
The adder is heavily wounded.
The adder barely misses you. The adder closely misses you.
Casting: Sting
Confirm with . or Enter, or press ? or * to list all spells.
Aiming: Sting
Press: ? - help, Shift-Dir - straight line, f/p - adder
Aim: an adder (heavily wounded)
The sting hits the adder.
The adder is poisoned.
The adder is almost dead.
* * * LOW HITPOINT WARNING * * *
You feel sick.
You kill the adder!
Your Spellcasting skill increases to level 3!
You have reached level 4!
Okay, then.
Okay, then.
Okay, then.
Unknown command.
You die...

###
#..
#..
#.#
#.#
#.#
#<#
#@#
#.#
#..
###.
..
..
...
.#.


There were no monsters in sight!

Vanquished Creatures
  2 adders
  An ooze (D:2)
  2 dart slugs (D:1)
  4 ball pythons
  3 bats
  3 giant cockroaches (D:1)
  4 goblins (D:1)
  2 hobgoblins (D:1)
  4 kobolds (D:1)
  2 frilled lizards (D:1)
  4 rats (D:1)
31 creatures vanquished.

Notes
Turn   | Place    | Note
-------+----------+-------------------------------------------
     0 | D:1      | Idleism the Octopode Venom Mage began the quest for the Orb.
     0 | D:1      | Reached XP level 1. HP: 11/11 MP: 3/3
    31 | D:1      | Reached skill level 5 in Poison Magic
   263 | D:1      | Reached skill level 1 in Conjurations
   263 | D:1      | Reached XP level 2. HP: 17/17 MP: 0/5
   917 | D:1      | Reached XP level 3. HP: 21/21 MP: 3/6
  1297 | D:2      | Learned a level 3 spell: Mephitic Cloud
  1334 | D:3      | HP: 1/21 [poisoned by an adder]
  1334 | D:3      | Reached XP level 4. HP: 1/27 MP: 2/8
  1338 | D:3      | Succumbed to an adder's poison

Skill      XL: |  1  2  3 |
---------------+----------+-----
Poison Magic   | 5 |  5.0
Conjurations   | 1 2 |  2.0
Spellcasting   | 3 |  3.0
Dodging        | |  2.0
Stealth        | |  2.6

Action                   |  1- 3 |  4- 6 || total
-------------------------+-------+-------++-------
Melee: Unarmed           |    28 |       ||    28
       Constrict         |    14 |       ||    14
       Tentacles         |     9 |       ||     9
       Dagger            |    21 |       ||    21
 Cast: Sting             |    37 |       ||    37
  Use: Potion            |     1 |       ||     1
 Stab: Sleeping          |     4 |       ||     4
  Eat: Chunk             |     2 |       ||     2
Armor: Skin              |     9 |       ||     9
Dodge: Dodged            |    57 |       ||    57
